 Dungeon Crawl Stone Soup version 0.30-b1-2-g02819fbbbe (webtiles) character file.

Game seed: 16163112588444104425

4 redmage the Digger (level 1, -4/14 HPs)
             Began as a Meteoran Earth Elementalist on July 26, 2023.
             Killed by divine providence
             ... invoked by an orc priest
              (15 damage)
             ... on level 3 of the Dungeon.
             The game lasted 00:02:01 (157 turns).

redmage the Digger (Meteoran Earth Elementalist)     Turns: 157, Time: 00:02:02

Health: -4/14      AC:  2    Str:  9    XL:     1   Next: 85%
Magic:  3/5        EV: 12    Int: 16    God:
Gold:   21         SH:  0    Dex: 14    Spells: 4/5 levels left

rFire   . . .        (no weapon)
rCold   . . .        (no shield)
rNeg    . . .        a - +0 robe
rPois   .            (no helmet)
rElec   .            (no cloak)
rCorr   .            (no gloves)
SInv    .            (no boots)
Will    .....        (no amulet)
Stlth   +            f - ring of wizardry
HPRegen 0.22/turn    (no ring)
MPRegen 0.09/turn

%: wizardry (x1)
@: glowing
A: sense surroundings 1, otherworldly, glowing, explore regen
a: no special abilities


You were on level 3 of the Dungeon.
You visited 1 branch of the dungeon, and saw 3 of its levels.

You collected 21 gold pieces.

Inventory:

Armour
 a - a +0 robe (worn)
Jewellery
 f - a ring of wizardry (left hand)
Scrolls
 e - a scroll of silence {unknown}
Potions
 b - a potion of magic
 c - a potion of attraction {unknown}
 d - 2 potions of curing {unknown}
 g - a potion of resistance {unknown}


   Skills:
 - Level 2.4 Dodging
 - Level 1.4 Stealth
 + Level 2.8 Spellcasting
 + Level 1.4 Transmutations
 * Level 3.7 Earth Magic


You had 4 spell levels left.
You knew the following spells:

 Your Spells              Type           Power      Damage    Failure   Level
a - Sandblast             Erth           28%        2d8       1%          1

Your spell library contained the following spells:

 Spells                   Type           Power      Damage    Failure   Level
 Passwall                 Tmut/Erth      8%         N/A       4%          2
 Stone Arrow              Conj/Erth      16%        3d8       11%         3
 Petrify                  Tmut/Erth      10%        N/A       26%         4


Dungeon Overview and Level Annotations

Branches:
Dungeon (3/15) Zot: 1637

Altars:
Uskayaw


Innate Abilities, Weirdness & Mutations

You passively map a small area around you.
You are easily found by Zot.
You glow in the dark.
You regain HP and MP as you explore.


Message History

You open the door.
There is an open door here.
An orc priest comes into view. It is wielding a +0 short sword.
Found a scroll labelled EGANEM UNUICO.
The orc priest shouts!
You hear a shout!
The orc priest moves out of view.
An orc comes into view. It is wielding a +0 hand axe.
Found an escape hatch in the floor.
The orc shouts!
You hear a shout!
The orc priest hits you with a +0 short sword.
An orc comes into view. It is wielding a +0 dagger of pain.
Unknown command.
Casting: Sandblast (safe; 1% risk of failure)
Confirm with . or Enter, or press ? or * to list all spells.
Aiming: Sandblast (safe; 1% risk of failure)
Press: ? - help, Shift-Dir - straight line, f - orc priest
Aim: an orc priest, wielding a +0 short sword and wearing a +0 scale mail (84% to hit)
The blast of sand misses the orc priest.
Unknown command.
Unknown command.
Unknown command.
Unknown command.
Casting: Sandblast (safe; 1% risk of failure)
Confirm with . or Enter, or press ? or * to list all spells.
Aiming: Sandblast (safe; 1% risk of failure)
Press: ? - help, Shift-Dir - straight line, f/p - orc priest
Aim: an orc priest, wielding a +0 short sword and wearing a +0 scale mail (84% to hit)
Okay, then.
The orc priest attacks as you move away!
The orc priest closely misses you.
Casting: Sandblast (safe; 1% risk of failure)
Confirm with . or Enter, or press ? or * to list all spells.
Aiming: Sandblast (safe; 1% risk of failure)
Press: ? - help, Shift-Dir - straight line, f/p - orc priest
Aim: an orc priest, wielding a +0 short sword and wearing a +0 scale mail (84% to hit)
The blast of sand hits the orc priest but does no damage.
The orc priest calls down the wrath of Beogh upon you.
Beogh smites you!
Ouch! That really hurt!
You die...

* #.........####...##
+.........'.....(.#
#.........####.<.####
#.......##.........#
##.....###.###.###.#
, ##...## # #.# # *
######'### , #.# ,
#........# #.#* *
#.####@#.# , ... , ,,
#o#.# ... ,#....o>#
,.†† #.......#
,.._.., .......?... ,
,, ###..#....### ,
#.......# #.##.#..#
#. #.#... ,


You could see an orc priest and an orc.

Vanquished Creatures
  A goblin (D:1)
  A quokka (D:2)
  A ball python (D:1)
  A kobold (D:3)
4 creatures vanquished.

Notes
Turn   | Place    | Note
-------+----------+-------------------------------------------
     0 | D:1      | redmage the Meteoran Earth Elementalist began the quest for
                  | the Orb.
     0 | D:1      | Reached XP level 1. HP: 14/14 MP: 5/5
    78 | D:3      | Found a hide-covered altar of Uskayaw.
   115 | D:3      | Found a faded altar of an unknown god.
   152 | D:3      | Noticed an orc priest
   157 | D:3      | Killed from afar by an orc priest

Illustrated notes

Levels and vault maps discovered:
D:1:      lemuel_arrival_cross, layout_loops_ring, hangedman_decor_growths
D:2:      layout_rooms, basic_altar, serial_corexii_hall,
          chequers_hall_statues_corner_a, corexii_hall_statues_i
D:3:      layout_loops_corners, nicolae_uskayaw_murder_on_the_dancefloor,
          mainiacjoe_overflow_catwalk_spiral, nicolae_ecumenical_oubliette

Action                     || total
---------------------------++-------
   Cast: Sandblast         ||     8
 Armour: Robe              ||     3
  Dodge: Dodged            ||     5
